 Dungeon Crawl Stone Soup version 0.31-a0-145-g046c7d2549 (webtiles) character file.

Game seed: 5785036862006363381

61 Darkkill the Shooter (level 3, 0/31 HPs)
             Began as a Minotaur Hunter on June 6, 2023.
             Slain by a goblin
             ... wielding a +2 dagger of freezing
             ... led by Robin
              (1 damage)
             ... on level 2 of the Dungeon.
             The game lasted 00:01:17 (963 turns).

Darkkill the Shooter (Minotaur Hunter)               Turns: 963, Time: 00:01:17

Health: 0/31       AC:  7    Str: 15    XL:     3   Next: 83%
Magic:  2/2        EV: 13    Int:  6    God:
Gold:   28         SH:  5    Dex: 21    Spells: 2/2 levels left

rFire   . . .        a - +0 shortbow
rCold   . . .        (shield currently unavailable)
rNeg    . . .        c - +0 leather armour
rPois   .            (helmet restricted)
rElec   .            (no cloak)
rCorr   .            (no gloves)
SInv    .            (no boots)
Will    .....        e - amulet of reflection
Stlth   ++           g - +4 ring of protection
HPRegen 0.25/turn    h - +6 ring of dexterity
MPRegen 0.08/turn

%: reflection
@: no status effects
A: horns 2, retaliatory headbutt
a: no special abilities


You were on level 2 of the Dungeon.
You visited 1 branch of the dungeon, and saw 2 of its levels.

You collected 28 gold pieces.

Inventory:

Hand Weapons
 a - a +0 shortbow (weapon)
Missiles
 d - 13 stones
 f - 4 poisoned darts
Armour
 c - a +0 leather armour (worn)
Jewellery
 e - an amulet of reflection (around neck)
 g - a +4 ring of protection (left hand)
 h - a +6 ring of dexterity (right hand)
Scrolls
 b - a scroll of butterflies


   Skills:
 + Level 3.3 Fighting
 + Level 4.8 Ranged Weapons
 + Level 3.0 Dodging
 + Level 1.7 Stealth


You had 2 spell levels left.
You didn't know any spells.
Your spell library was empty.

Dungeon Overview and Level Annotations

Branches:
Dungeon (2/15)

Altars:


Innate Abilities, Weirdness & Mutations

You have a pair of horns on your head.
You reflexively headbutt those who attack you in melee.


Message History

You shoot an arrow. The arrow closely misses the hobgoblin.
The arrow barely misses the goblin.
The kobold hits you but does no damage. The hobgoblin barely misses you.
You shoot an arrow. The arrow barely misses Robin.
The hobgoblin hits you but does no damage.
The kobold misses you. Robin closely misses you.
You shoot an arrow. The arrow barely misses Robin.
Robin barely misses you. You furiously retaliate!
You headbutt Robin, but do no damage. The kobold closely misses you.
The hobgoblin completely misses you.
You shoot an arrow. The arrow hits Robin.
Robin is moderately wounded.
You block the kobold's attack. You block Robin's attack.
The hobgoblin hits you.
You shoot an arrow. The arrow hits Robin.
Robin is heavily wounded.
You block Robin's attack. The hobgoblin closely misses you.
The kobold hits you with a +0 short sword.
The hobgoblin hits you.
The kobold hits you with a +0 short sword.
You shoot an arrow. The arrow hits Robin.
Robin is severely wounded.
The hobgoblin barely misses you. You block the kobold's attack.
Robin drinks a potion.
Robin is healed!
You shoot an arrow. The arrow hits Robin.
Robin is moderately wounded.
The goblin no longer looks unusually strong.
Robin roars a battlecry!
The goblin goes into a battle-frenzy!
The kobold hits you with a +0 short sword.
The hobgoblin closely misses you.
You shoot an arrow. The arrow hits Robin.
Robin is heavily wounded.
You block Robin's attack. The kobold misses you. You furiously retaliate!
You headbutt the kobold.
You kill the kobold!
The hobgoblin closely misses you.
You shoot an arrow.
The arrow hits Robin but does no damage.
Robin is heavily wounded.
The goblin barely misses you. You block Robin's attack.
The hobgoblin closely misses you.
You shoot an arrow. The arrow hits Robin!
You kill Robin!
The hobgoblin no longer looks unusually strong.
The hobgoblin barely misses you. You block the goblin's attack.
You shoot an arrow.
The arrow hits the goblin but does no damage.
The goblin no longer looks unusually strong.
You block the goblin's attack. The goblin hits you but does no damage.
You block the hobgoblin's attack.
The goblin hits you with a +2 dagger of freezing.
The goblin freezes you. The hobgoblin barely misses you.
The goblin hits you but does no damage.
You shoot an arrow. The arrow barely misses the goblin.
You block the goblin's attack. The hobgoblin hits you.
The goblin hits you with a +2 dagger of freezing.
* * * LOW HITPOINT WARNING * * *
The goblin freezes you.
* * * LOW HITPOINT WARNING * * *
You shoot an arrow. The arrow barely misses the hobgoblin.
The goblin hits you but does no damage. The hobgoblin barely misses you.
The goblin hits you but does no damage.
You shoot an arrow. The arrow barely misses the goblin.
You block the goblin's attack.
The hobgoblin hits you but does no damage.
The goblin hits you with a +2 dagger of freezing.
* * * LOW HITPOINT WARNING * * *
The goblin freezes you.
* * * LOW HITPOINT WARNING * * *
You shoot an arrow. The arrow hits the hobgoblin!
You kill the hobgoblin!
The goblin closely misses you. You block the goblin's attack. x2
The goblin misses you.
You shoot an arrow. The arrow barely misses the goblin.
The goblin misses you. You block the goblin's attack.
You shoot an arrow. The arrow closely misses the goblin.
The goblin barely misses you. The goblin hits you but does no damage.
You shoot an arrow. The arrow hits the goblin!
You kill the goblin!
The goblin hits you with a +2 dagger of freezing.
* * * LOW HITPOINT WARNING * * *
The goblin freezes you.
* * * LOW HITPOINT WARNING * * *
Your Dodging skill increases to level 3!
The goblin no longer looks unusually strong.
The goblin closely misses you.
Items here: ))))) [[ ††††.
You shoot an arrow. The arrow hits the goblin.
The goblin is moderately wounded.
The goblin hits you with a +2 dagger of freezing.
* * * LOW HITPOINT WARNING * * *
The goblin freezes you.
* * * LOW HITPOINT WARNING * * *
The goblin closely misses you. The goblin closely misses you.
You shoot an arrow. The arrow misses the goblin.
You block the goblin's attack.
The goblin hits you with a +2 dagger of freezing.
* * * LOW HITPOINT WARNING * * *
The goblin freezes you.
You die...

##########
#<))......
#)g.)...#
#.@.....#
#######...
#


You could see a goblin.

Vanquished Creatures
  Robin (D:2)
  3 endoplasms (D:1)
  13 goblins
  5 hobgoblins
  3 jackals (D:1)
  6 kobolds
  A quokka (D:1)
  5 ball pythons (D:1)
  3 bats (D:1)
  A frilled lizard (D:1)
  6 rats (D:1)
47 creatures vanquished.

Notes
Turn   | Place    | Note
-------+----------+-------------------------------------------
     0 | D:1      | Darkkill the Minotaur Hunter began the quest for the Orb.
     0 | D:1      | Reached XP level 1. HP: 18/18 MP: 0/0
   100 | D:1      | Reached skill level 1 in Stealth
   153 | D:1      | Reached XP level 2. HP: 22/25 MP: 1/1
   289 | D:1      | HP: 4/25 [frozen (2)]
   527 | D:1      | Reached XP level 3. HP: 30/31 MP: 2/2
   930 | D:2      | Noticed Robin
   950 | D:2      | Killed Robin
   954 | D:2      | HP: 6/31 [goblin/+2 dagger of freezing[Robin] (2)]
   960 | D:2      | HP: 4/31 [goblin/+2 dagger of freezing[Robin] (1)]
   963 | D:2      | HP: 1/31 [goblin/+2 dagger of freezing[Robin] (2)]
   963 | D:2      | Slain by a goblin

Illustrated notes

Levels and vault maps discovered:
D:1:      elethiomel_arrival_fortress_basement, layout_basic, minivault_19
D:2:      layout_rooms, uniq_robin, uniq_crazy_yiuf_cottage

Skill      XL: |  1  2  3 |
---------------+----------+-----
Stealth        | 1 |  1.7
Fighting       | 3 |  3.3
Dodging        | 3 |  3.0
Ranged Weapons | |  4.8

Action                     || total
---------------------------++-------
   Fire: Shortbow          ||   112
 Armour: Leather armour    ||    23
  Dodge: Dodged            ||    56
  Block: Other             ||    18

Table legend: (Time is in decaauts)
 A = Elapsed time spent in this place.
 B = Non-inter-level travel time spent in this place.
 C = Inter-level travel time spent in this place.
 D = Time resting spent in this place.
 E = Time spent auto-exploring this place.
 F = Levels seen in this place.
 G = Mean time per level.
                   A        B        C        D        E       F      G
               +--------+--------+--------+--------+--------+-----+--------+
         Total |    985 |    905 |     80 |      0 |    722 |   2 |  492.5 |
       Dungeon |    985 |    905 |     80 |      0 |    722 |   2 |  492.5 |
               +--------+--------+--------+--------+--------+-----+--------+

Top non-repeatable levels by time:
     D:1: 946 daAuts
     D:2: 38 daAuts

Levels and vault maps discovered:
D:1:      elethiomel_arrival_fortress_basement, layout_basic, minivault_19
D:2:      layout_rooms, uniq_robin, uniq_crazy_yiuf_cottage

Table legend: (Time is in decaauts)
 A = Elapsed time spent in this place.
 B = Non-inter-level travel time spent in this place.
 C = Inter-level travel time spent in this place.
 D = Time resting spent in this place.
 E = Time spent auto-exploring this place.
 F = Levels seen in this place.
 G = Mean time per level.
                   A        B        C        D        E       F      G
               +--------+--------+--------+--------+--------+-----+--------+
         Total |    985 |    905 |     80 |      0 |    722 |   2 |  492.5 |
       Dungeon |    985 |    905 |     80 |      0 |    722 |   2 |  492.5 |
               +--------+--------+--------+--------+--------+-----+--------+

Top non-repeatable levels by time:
     D:1: 946 daAuts
     D:2: 38 daAuts

Table legend:
 A = Kills in this place as a percentage of kills in the entire game.
 B = Kills by you in this place as a percentage of kills by you in the entire game.
 C = Kills by friends in this place as a percentage of kills by friends in the entire game.
 D = Other kills in this place as a percentage of other kills in the entire game.
 E = Experience gained in this place as a percentage of experience gained in the entire game.
 F = Experience gained in this place divided by the number of levels of this place that you have seen.
                   A       B       C       D       E      F
               +-------+-------+-------+-------+-------+----------------------
         Total | 100.0 | 100.0 |   N/A |   N/A | 100.0 |  44.0
       Dungeon | 100.0 | 100.0 |   N/A |   N/A | 100.0 |  44.0
               +-------+-------+-------+-------+-------+----------------------
